AoeStats
← Jazzmushroom

Arena

506688778Analyzed
1v1 RM · 17d ago on Sep 14, 2026· 42m 33s· 2 players
Game mode
Random Map
Map size
Tiny (2 player)
Population
200
Speed
Normal
Resources
Standard
Victory
Conquest
Starting age
Dark Age
Ending age
Imperial Age
RankedLock teamsTeams togetherTeam positionsShared explorationLock speedFull tech treeHidden civsTurbo modeCheats
Victory
Defeat
🇺🇸 Romans · United States
1398
+19
🇧🇷 Romans · Brazil
1453
-19
Jazzmushroom
10:07 Feudal Age
15:21 Castle Age
13:12 Double-Bit Axe
13:15 Horse Collar
16:44 Bow Saw
21:01 Wheelbarrow
20:13 Town Watch
22:38 Bloodlines
23:18 Heavy Plow
23:06 Loom
24:53 Scale Barding Armor
26:02 Bloodlines
25:14 Light Cavalry
26:56 Chain Barding Armor
26:45 Gold Mining
28:03 Hand Cart
29:47 Forging
30:17 Husbandry
34:20 Imperial Age
34:25 Fletching
35:50 Gold Shaft Mining
35:40 Heavy Scorpion
36:57 Ballistas
38:55 Chemistry
38:15 Siege Engineers
38:32 Capped Ram
39:10 Stone Mining
39:36 Siege Ram
Joxer The Mighty
10:49 Feudal Age
14:24 Castle Age
12:27 Double-Bit Axe
12:44 Horse Collar
15:34 Bow Saw
23:10 Heavy Plow
24:07 Ballistics
26:05 Wheelbarrow
25:38 Pikeman
26:46 Fortified Wall
26:42 Squires
26:44 Scale Mail Armor
28:43 Chain Mail Armor
28:23 Loom
30:23 Ballistas
30:50 Forging
32:12 Iron Casting
36:26 Imperial Age
34:19 Town Watch
34:49 Fletching
35:19 Hand Cart
35:04 Town Patrol
35:31 Masonry
36:04 Bodkin Arrow
36:39 Murder Holes
36:43 Gold Mining
36:44 Stone Mining
37:59 Conscription
37:07 Heavy Scorpion
38:32 Crop Rotation
38:32 Conscription
38:43 Siege Engineers
39:37 Gold Shaft Mining
39:25 Guilds
39:33 Halberdier
41:16 Blast Furnace
Connection lost

Rejoining the realm…

Still unreachable

The connection could not be restored.

Session expired

The server has moved on; the page needs a fresh start.